 Dungeon Crawl Stone Soup version 0.27.0-1-g7a089689b8 (webtiles) character file.

Game seed: 1109464834049880690

21 Malachi the Ruffian (level 2, 0/25 HPs)
             Began as a Naga Transmuter on Aug 12, 2021.
             Was a Priest of Uskayaw.
             Slain by a jackal (3 damage)
             ... on level 1 of the Dungeon.
             The game lasted 00:01:58 (636 turns).

Malachi the Ruffian (Naga Transmuter)                Turns: 636, Time: 00:01:58

Health: 0/25       AC:  1    Str: 12    XL:     2   Next: 83%
Magic:  5/5        EV:  9    Int: 13    God:    Uskayaw [***...]
Gold:   23         SH:  0    Dex: 11    Spells: 4/5 levels left

rFire    . . .     SeeInvis +     - Unarmed
rCold    . . .     Faith    +   (no shield)
rNeg     . . .     Spirit   .   a - +0 robe
rPois    +         Reflect  .   (no helmet)
rElec    .         Harm     .   (no cloak)
rCorr    .         Rampage  .   (no gloves)
Will     .....                  (no barding)
Stlth    +.........             b - amulet of faith
HPRegen  0.08/turn              (no ring)
MPRegen  0.09/turn              (no ring)

@: short of breath, very slow
A: AC +0, large, see invisible, deformed body, poison resistance, slowness 2,
spit poison 1, naga tail 1
a: Spit Poison, Renounce Religion, Stomp, Line Pass


You were on level 1 of the Dungeon.
You worshipped Uskayaw.
Uskayaw was noncommittal.
You visited 1 branch of the dungeon, and saw 1 of its levels.

You collected 23 gold pieces.

Inventory:

Armour
 a - a +0 robe (worn)
Jewellery
 b - an amulet of faith (around neck)
Scrolls
 d - a scroll of enchant weapon {unknown}
Potions
 c - a potion of haste {unknown}
 e - a potion of heal wounds {unknown}


   Skills:
 + Level 1.0 Fighting
 + Level 1.6 Dodging
 + Level 3.6 Unarmed Combat
 + Level 2.1 Spellcasting
 + Level 2.2 Transmutations


You had 4 spell levels left.
You knew the following spells:

 Your Spells              Type           Power      Damage    Failure   Level
a - Beastly Appendage     Tmut           14%        N/A       10%         1

Your spell library contained the following spells:

 Spells                   Type           Power      Damage    Failure   Level
 Wereblood                Tmut           7%         N/A       16%         2
 Spider Form              Tmut/Pois      2%         N/A       43%         3
 Ice Form                 Ice/Tmut       4%         N/A       85%         4


Dungeon Overview and Level Annotations

Branches:
Dungeon (1/15)

Altars:
Uskayaw


Innate Abilities, Weirdness & Mutations

Your serpentine skin is tough. (AC +0)
You have supernaturally acute eyesight. (SInv)
Armour fits poorly on your strangely shaped body.
Your system is resistant to poisons. (rPois)
You cover ground very slowly.
You can spit poison.
You have a snake-like lower body.


Message History

The gnoll is heavily wounded.
An endoplasm comes into view.
The gnoll hits you with a +0 flail.
You closely miss the gnoll.
The gnoll is severely wounded.
You have got your breath back.
The gnoll hits you with a +0 flail!
You hit the gnoll.
The gnoll is almost dead.
The gnoll barely misses you.
You can now pass through a line of other dancers.
You hit the gnoll.
You kill the gnoll!
You barely miss the endoplasm.
A jackal comes into view.
You hit the endoplasm.
The endoplasm is heavily wounded.
The endoplasm hits you.
You hit the endoplasm but do no damage.
The endoplasm is heavily wounded.
The endoplasm hits you.
You hit the endoplasm.
The endoplasm is almost dead.
The endoplasm hits you.
* * * LOW HITPOINT WARNING * * *
Uskayaw will force your foes to helplessly watch your dance.
Uskayaw prepares the audience for your solo!
The helpless endoplasm fails to defend itself.
You hit the endoplasm.
You kill the endoplasm!
The jackal is no longer paralysed.
The jackal misses you.
You hit the jackal but do no damage. The jackal misses you.
You barely miss the jackal. The jackal bites you.
* * * LOW HITPOINT WARNING * * *
Press: ? - help, Shift-Dir - straight line, f - jackal
Aim: a jackal The splash of poison hits the jackal.
The jackal is severely wounded.
The jackal bites you.
You die...

≈≈≈≈...####..#
≈≈≈≈≈..# ..# ..
†≈≈≈≈..# .... ..#
≈≈≈≈)..# .#### #.#
≈≈≈≈≈..# .. J. ...
≈≈≈≈≈≈.# #### .###.#
≈≈≈†.≈.###.## ...#
≈≈≈≈...##...######.#
.).≈............@h.#
≈.≈....##...########
.#####.###.## . ..#
### ####


You could see a jackal.

Vanquished Creatures
  A gnoll (D:1)
  A bat (D:1)
  2 endoplasms (D:1)
  2 goblins (D:1)
  2 hobgoblins (D:1)
  A frilled lizard (D:1)
  A kobold (D:1)
10 creatures vanquished.

Notes
Turn   | Place    | Note
-------+----------+-------------------------------------------
     0 | D:1      | Malachi the Naga Transmuter began the quest for the Orb.
     0 | D:1      | Reached XP level 1. HP: 18/18 MP: 3/3
   393 | D:1      | Found a faded altar of an unknown god.
   452 | D:1      | Reached XP level 2. HP: 24/25 MP: 5/5
   462 | D:1      | Became a worshipper of Uskayaw the Reveller
   462 | D:1      | Reached * piety under Uskayaw
   627 | D:1      | Reached ** piety under Uskayaw
   632 | D:1      | Reached *** piety under Uskayaw
   636 | D:1      | Slain by a jackal

Illustrated notes

Levels and vault maps discovered:
D:1:      wheals_arrival_shading, layout_loops_ring,
          chequers_ecumenical_altar_island

Action                   || total
-------------------------++-------
Melee: Unarmed           ||    29
       Headbutt          ||     1
 Cast: Beastly Appendage ||     2
 Abil: Spit Poison       ||    10
 Stab: Paralysed         ||     1
Armor: Robe              ||     1
Dodge: Dodged            ||    10
